 Dungeon Crawl Stone Soup version 0.28.0-53-g5a82cb258f (webtiles) character file.

Game seed: 1247921009467985117

177 RedNights the Grave Robber (level 5, -3/28 HPs)
             Began as a Deep Elf Necromancer on July 7, 2022.
             Shot with an arrow by a centaur (12 damage)
             ... on level 4 of the Dungeon.
             The game lasted 00:09:17 (4503 turns).

RedNights the Grave Robber (Deep Elf Necromancer)   Turns: 4503, Time: 00:09:18

Health: -3/28      AC:  4    Str:  7    XL:     5   Next: 30%
Magic:  15/15      EV: 12    Int: 20    God:
Gold:   143        SH:  0    Dex: 15    Spells: 13/15 levels left

rFire   . . .      SeeInvis .   g - +0 dagger (speed)
rCold   . . .      Faith    .   (no shield)
rNeg    . . .      Spirit   .   a - +0 robe
rPois   .          Reflect  .   (no helmet)
rElec   .          Harm     .   k - +0 cloak
rCorr   .          Rampage  .   i - +0 pair of gloves
Will    .....                   (no boots)
Stlth   ++........              (no amulet)
HPRegen 0.09/turn               (no ring)
MPRegen 0.14/turn               (no ring)

@: no status effects
A: no striking features
a: no special abilities


You were on level 4 of the Dungeon.
You visited 1 branch of the dungeon, and saw 4 of its levels.

You collected 143 gold pieces.

Inventory:

Hand Weapons
 d - a +0 short sword of draining
 g - a +0 dagger of speed (weapon)
Missiles
 e - 9 stones (quivered)
 m - 2 throwing nets
Armour
 a - a +0 robe (worn)
 i - a +0 pair of gloves (worn)
 k - a +0 cloak (worn)
 q - a +0 leather armour
Magical Staves
 u - a staff of air
Jewellery
 t - a ring of ice
Scrolls
 b - a scroll of silence {unknown}
 c - a scroll of vulnerability {unknown}
 f - 2 scrolls of identify {unknown}
 j - a scroll of fog {unknown}
 l - a scroll of amnesia {unknown}
 n - 2 scrolls of immolation {unknown}
 o - 2 scrolls of fear {unknown}
 p - a scroll of enchant armour {unknown}
 r - a scroll of holy word {unknown}
Potions
 h - a potion of mutation {unknown}
 s - a potion of heal wounds {unknown}
 v - a potion of lignification {unknown}


   Skills:
 - Level 2.4 Dodging
 - Level 2.4 Stealth
 * Level 5.7 Spellcasting
 * Level 6.6 Necromancy


You had 13 spell levels left.
You knew the following spells:

 Your Spells              Type           Power      Damage    Failure   Level
a - Pain                  Necr           100%       1d9       1%          1
b - Animate Skeleton      Necr           64%        N/A       1%          1

Your spell library contained the following spells:

 Spells                   Type           Power      Damage    Failure   Level
 Vampiric Draining        Necr           32%        2d8       2%          3
 Animate Dead             Necr           16%        N/A       7%          4
 Agony                    Necr           32%        N/A       21%         5


Dungeon Overview and Level Annotations

Branches:
Dungeon (4/15)
 Temple: D:4-7

Altars:

Annotations:
D:3 3 runed translucent doors, Sanktem7's ghost, amateur MiBe


Message History

The goblin writhes in agony!
You kill the goblin!
HP restored.
Magic restored.
v - a fizzy brown potion
Things that are here:
a +0 dagger; a goblin corpse A kobold comes into view.
It is wielding a +0 whip.
A ball python comes into view.
There is an open door here.
The helpless kobold fails to defend itself.
You hit the kobold.
You kill the kobold!
The ball python hisses angrily.
You completely miss the ball python. The ball python barely misses you.
The ball python closely misses you.
You hit the ball python.
The ball python is moderately wounded.
You hit the ball python.
You kill the ball python!
There is an open door here.
Things that are here:
a +0 whip; a kobold corpse
Casting: Pain (safe; 1% risk of failure)
Confirm with . or Enter, or press ? or * to list all spells.
You attempt to give life to the dead...
Before your eyes, flesh is ripped from the corpse!
The dead are walking!
You swap places.
Your kobold skeleton crumbles into dust!
The frilled lizard hisses angrily.
A centaur comes into view.
The centaur shouts!
The centaur wields a +0 shortbow.
The centaur shoots an arrow.
The arrow barely misses you.
Unknown command.
The centaur shoots an arrow.
The arrow hits you!
The centaur shoots an arrow.
The arrow hits you!
The centaur shoots an arrow.
The arrow hits you!
You die...

#.#..............# ##
#.#.#.....#.##.### .
#.#.#.#<..#..#.# l#
#.#.#.#.####.#.########
#.#.#.#.## #.#.##.....#
#.#.#.#.##≈#.#.##.###.###
#####.#>....#≈.#.............
......#.#...#..#.#.##########
......#.#####≈.#@#.#
......#)# ## #.#.# ......#.#
#.#.. ..)...#.# #.###
......#.# #.c.c.... .....##.#
#.####### ........# ...
.....#### ### .....Z..# ###


You could see a centaur.

Vanquished Creatures
  An orc wizard (D:3)
  3 gnolls (D:2)
  4 adders
  2 dart slugs
  4 orcs (D:3)
  3 endoplasms (D:1)
  3 giant cockroaches
  8 goblins
  5 hobgoblins
  5 jackals
  10 kobolds
  4 quokkas
  3 ball pythons
  4 bats
  2 frilled lizards
  4 rats
65 creatures vanquished.

Vanquished Creatures (collateral kills)
  A gnoll (D:2)
  An endoplasm (D:3)
2 creatures vanquished.

Vanquished Creatures (others)
  5 fungi (D:4)
  2 plants (D:2)
7 creatures vanquished.

Grand Total: 74 creatures vanquished

Notes
Turn   | Place    | Note
-------+----------+-------------------------------------------
     0 | D:1      | RedNights the Deep Elf Necromancer began the quest for the
                  | Orb.
     0 | D:1      | Reached XP level 1. HP: 10/10 MP: 6/6
   392 | D:1      | Reached skill level 5 in Necromancy
   566 | D:1      | Reached XP level 2. HP: 15/15 MP: 8/8
   904 | D:1      | Learned a level 1 spell: Animate Skeleton
  1563 | D:2      | Reached XP level 3. HP: 12/19 MP: 6/10
  2613 | D:2      | Reached XP level 4. HP: 12/24 MP: 7/12
  2617 | D:2      | Reached skill level 6 in Necromancy
  2620 | D:2      | Reached skill level 5 in Spellcasting
  3429 | D:3      | Found a runed translucent gate.
  3429 | D:3      | Found a runed translucent gate.
  3429 | D:3      | Found a runed translucent gate.
  3522 | D:3      | Noticed Sanktem7's ghost (amateur MiBe)
  3584 | D:3      | Reached XP level 5. HP: 26/28 MP: 11/14
  3605 | D:3      | HP: 1/28 [frozen (4)]
  4329 | D:4      | Noticed a black bear
  4500 | D:4      | Noticed a centaur
  4503 | D:4      | Shot with an arrow by a centaur

Illustrated notes

Levels and vault maps discovered:
D:1:      lightli_arrival_lavapool, layout_basic, kennysheep_pointless_box
D:2:      layout_basic, chequers_big_river
D:3:      layout_loops_ring, gammafunk_ghost_icy
D:4:      layout_basic, serial_aquarium, aquarium_bridge_square
          [aquarium_subvault_bridge, aquarium_subvault_balcony,
          aquarium_subvault_bridge, aquarium_subvault_bridge],
          aquarium_window_1, aquarium_window_1, aquarium_window_fake,
          aquarium_view_2d, aquarium_view_2c

Skill      XL: |  1  2  3  4 |
---------------+-------------+-----
Necromancy     | 5 6 |  6.6
Spellcasting   | 4 5 |  5.7
Dodging        | |  2.4
Stealth        | |  2.4

Action                   |  1- 3 |  4- 6 || total
-------------------------+-------+-------++-------
Melee: Short sword       |    10 |       ||    10
       Unarmed           |     1 |       ||     1
       Dagger            |    16 |    14 ||    30
       Punch             |     1 |       ||     1
Throw: Stone             |    10 |     5 ||    15
 Cast: Pain              |    46 |    42 ||    88
       Animate Skeleton  |    11 |    13 ||    24
 Stab: Sleeping          |    10 |     5 ||    15
Armor: Robe              |     7 |     4 ||    11
Dodge: Dodged            |    14 |    19 ||    33
